 Dungeon Crawl Stone Soup version 0.25-b1-41-g19641232cd (webtiles) character file.

Game seed: 12973111887413875682

143 Delver the Charmwright (level 5, 23/34 HPs)
             Began as a Halfling Skald on June 8, 2020.
             Quit the game on level 2 of the Dungeon.
             The game lasted 00:39:17 (2985 turns).

Delver the Charmwright (Halfling Skald)             Turns: 2985, Time: 00:39:18

Health: 23/34      AC:  2    Str: 12    XL:     5   Next: 50%
Magic:  7/7        EV: 15    Int: 10    God:
Gold:   78         SH:  0    Dex: 14    Spells: 2/7 levels left

rFire    . . .     SeeInvis .   a - +0 short sword
rCold    . . .     Gourm    .   (shield restricted)
rNeg     . . .     Faith    .   r - +0 robe (curse)
rPois    .         Spirit   .   (no helmet)
rElec    .         Reflect  .   (no cloak)
rCorr    .         Harm     .   (no gloves)
MR       .....     Rnd*Tele +   (no boots)
Stlth    +.........             (no amulet)
HPRegen  0.11/turn              (no ring)
MPRegen  0.10/turn              (no ring)

@: no status effects
A: small, dopey 1, mutation resistance 1, screaming 1, teleportitis 1
a: no special abilities


You were on level 2 of the Dungeon.
You were not hungry.

You visited 1 branch of the dungeon, and saw 3 of its levels.

You collected 78 gold pieces.

Inventory:

Hand Weapons
 a - a +0 short sword (weapon)
 j - a +0 short sword
 m - a +5 hunting sling
 n - a +0 mace
 q - a +0 spear
Missiles
 i - 14 poisoned darts (quivered)
 o - 59 stones
 t - 36 arrows
Armour
 b - a +0 leather armour
 c - a +0 scale mail
 p - a +0 robe
 r - a cursed +0 robe (worn)
Scrolls
 k - a scroll of fog
 l - a scroll of blinking {unknown}
 s - a scroll of teleportation {unknown}
 u - a scroll of identify
Potions
 f - a potion of might {unknown}
 h - a potion of lignification {unknown}
 v - a potion of heal wounds {unknown}
Comestibles
 d - 4 rations
 g - 4 chunks of flesh


   Skills:
 - Level 2.3 Fighting
 + Level 3.2 Short Blades
 + Level 2.1(2.2) Slings
 + Level 0.3(0.9) Throwing
 - Level 1.3 Armour
 + Level 3.0 Dodging
 - Level 0.2 Stealth
 + Level 1.9 Spellcasting
 * Level 4.4 Charms


You had 2 spell levels left.
You knew the following spells:

 Your Spells              Type           Power        Failure   Level  Hunger
a - Infusion              Chrm           #...         4%          1    ##.....
b - Shroud of Golubria    Chrm/Tloc      #.....       19%         2    ###....
c - Song of Slaying       Chrm           #.......     8%          2    ###....

Your spell library contained the following spells:

 Spells                   Type           Power        Failure   Level  Hunger
 Ozocubu's Armour         Chrm/Ice       #.......     36%         3    ####...
 Spectral Weapon          Hex/Chrm       #.......     36%         3    ####...


Dungeon Overview and Level Annotations

Branches:
Dungeon (3/15)

Altars:


Innate Abilities, Weirdness & Mutations

You are small and have problems with some larger weapons.
You are somewhat resistant to further mutation.
You are dopey. (Int -2)
You occasionally shout uncontrollably at your foes.
You are occasionally teleported next to monsters.


Message History

You see here a jackal corpse.
i - 13 poisoned darts (gained 1)
You see here a jackal corpse.
You butcher the jackal corpse.
g - 3 chunks of flesh You see here a jackal skeleton.
Things that are here:
a +0 dagger; a +0 robe; an orc corpse You butcher the orc corpse.
g - 5 chunks of flesh (gained 2)
Things that are here:
a +0 dagger; a +0 robe; an orc skeleton
There is a stone staircase leading down here.
i - 14 poisoned darts (gained 1) Eat one of 5 chunks of flesh? (ye/n/q)
You eat one of the 5 chunks of flesh.
This raw flesh tastes terrible.
Quiver which item? (- for none, * to show all) (? for menu, Esc to quit)
Okay, then.
Okay, then.
Are you sure you want to abandon this character and quit the game? (Confirm with "yes".)

# #...## ####....####### #
#)>..###....#### ##
##.#.....####
.############.##.....#######
.##.........#.##รท###.......##
## .##.........#.##.#
#######.<####.
.##.........).##.# ###......
...####...###..#.# #........
##.######...#..#@#####
#.###....
.........##.....)....## #.#
#..##
##.#####..............###.#
##.## ##.#
####.......>....##.####...
.#.# #..........#.##.##...#.
.#.## #.............#.##.###.
....## #..........#....##.....
##...####
#..........#........#..
........#
#......................


There were no monsters in sight!

Vanquished Creatures
  Terence (D:1)
  An orc wizard (D:2)
  4 adders (D:2)
  An adder skeleton (D:2)
  A worm (D:2)
  2 dart slugs
  A leopard gecko (D:2)
  4 bats
  7 goblins
  6 hobgoblins
  7 jackals
  3 frilled lizards
  4 kobolds
  6 rats
48 creatures vanquished.

Notes
Turn   | Place    | Note
-------+----------+-------------------------------------------
     0 | D:1      | Delver the Halfling Skald began the quest for the Orb.
     0 | D:1      | Reached XP level 1. HP: 14/14 MP: 3/3
   277 | D:1      | Reached XP level 2. HP: 15/19 MP: 4/4
   282 | D:1      | Learned a level 2 spell: Shroud of Golubria
   816 | D:1      | Reached XP level 3. HP: 24/24 MP: 5/5
  1079 | D:2      | Noticed Terence
  1098 | D:1      | Killed Terence
  1098 | D:1      | Reached skill level 1 in Slings
  1098 | D:1      | Reached skill level 4 in Charms
  1098 | D:1      | Reached XP level 4. HP: 10/29 MP: 0/6
  2078 | D:2      | Reached XP level 5. HP: 34/34 MP: 7/7
  2241 | D:2      | Learned a level 2 spell: Song of Slaying
  2787 | D:2      | Gained mutation: You occasionally shout uncontrollably at
                  | your foes. [potion of mutation]
  2787 | D:2      | Gained mutation: You are occasionally teleported next to
                  | monsters. [potion of mutation]
  2787 | D:2      | Gained mutation: You are dopey. (Int -2) [potion of
                  | mutation]
  2985 | D:2      | Quit the game

Illustrated notes

Levels and vault maps discovered:
D:1:      matt_arrival_grand_opening, layout_basic,
          chequers_serial_rivers_small_b
D:2:      layout_rooms, uniq_terence
D:3:      layout_rooms, first_ration, chequers_ecumenical_altar_simple

Skill      XL: |  1  2  3  4  5 |
---------------+----------------+-----
Fighting       | 2 |  2.3
Slings         | 1 2 |  2.1
Charms         | 4 |  4.4
Short Blades   | 3 |  3.2
Dodging        | 3 |  3.0
Throwing       | |  0.3
Armour         | |  1.3
Stealth        | |  0.2
Spellcasting   | |  1.9

Action                   |  1- 3 |  4- 6 || total
-------------------------+-------+-------++-------
Melee: Short sword       |    58 |    59 ||   117
 Fire: Hunting sling     |     7 |    52 ||    59
Throw: Dart              |    32 |    40 ||    72
 Cast: Infusion          |     2 |     3 ||     5
       Shroud of Golubri |     1 |       ||     1
  Use: Potion            |     1 |     2 ||     3
       Scroll            |       |     4 ||     4
 Stab: Sleeping          |     1 |       ||     1
  Eat: Chunk             |     1 |     6 ||     7
Armor: Leather armour    |    10 |       ||    10
       Scale mail        |       |    30 ||    30
       Robe              |       |     4 ||     4
Dodge: Dodged            |    29 |   113 ||   142
